 Dungeon Crawl Stone Soup version 0.21-a0-142-gdd972a7 (webtiles) character file.

4154 tilp the Arsonist (level 10, -9/84 HPs)
             Began as a Hill Orc Fire Elementalist on July 22, 2017.
             Was a Believer of Okawaru.
             Killed by the air
             ... invoked by a wind drake (shapeshifter)
              (21 damage)
             ... on level 8 of the Dungeon.
             The game lasted 00:42:38 (11896 turns).

tilp the Arsonist (Hill Orc Fire Elementalist)     Turns: 11896, Time: 00:42:38

Health: -9/84      AC: 10    Str: 12    XL:     10   Next: 28%
Magic:  23/23      EV: 13    Int: 18    God:    Okawaru [**....]
Gold:   738        SH:  0    Dex: 11    Spells: 2/15 levels left

rFire    . . .     SeeInvis .   t - +3 short sword (speed)
rCold    . . .     Gourm    .   (no shield)
rNeg     . . .     Faith    .   k - +0 leather armour
rPois    +         Spirit   .   o - +1 helmet
rElec    .         Reflect  .   U - +1 cloak {rPois}
rCorr    .         Harm     .   d - +0 pair of gloves
MR       .....                  O - +1 pair of boots
Stlth    +.........             l - amulet of magic regeneration
HPRegen  0.24/turn              z - ring of magical power
MPRegen  0.43/turn              (no ring)

@: very slightly contaminated
A: no striking features
a: Heroism, Renounce Religion


You were on level 8 of the Dungeon.
You worshipped Okawaru.
Okawaru was pleased with you.
You were not hungry.

You visited 2 branches of the dungeon, and saw 9 of its levels.
You also visited: Sewer.

You collected 738 gold pieces.

Inventory:

Hand Weapons
 t - a +3 short sword of speed (weapon)
 H - a +2 flail of protection
 R - a +0 short sword of flaming
 W - a +3 great sword
 X - a +0 great mace
Missiles
 g - 7 tomahawks (quivered)
Armour
 d - a +0 pair of gloves (worn)
 k - a +0 leather armour (worn)
 o - a +1 helmet (worn)
 O - a +1 pair of boots (worn)
 U - a +1 cloak of poison resistance (worn)
Jewellery
 l - an amulet of magic regeneration (around neck)
 z - a ring of magical power (left hand)
Wands
 n - a wand of acid (6/15)
 p - a wand of paralysis (0/24)
 A - a wand of flame (26/48)
 T - a wand of flame (27/48)
 V - a wand of flame (26/48)
Scrolls
 a - a scroll of amnesia {unknown}
 h - 2 scrolls of blinking
 r - 3 scrolls of magic mapping
 u - 2 scrolls of teleportation
 v - 2 scrolls of enchant weapon
 x - a scroll of fear {unknown}
 D - a scroll of random uselessness {unknown}
 G - 3 scrolls of recharging
 Q - a scroll of remove curse
 S - a scroll of fog {unknown}
Potions
 e - a potion of ambrosia
 f - 7 potions of curing
 m - 5 potions of flight
 C - 5 potions of heal wounds
 E - a potion of degeneration {unknown}
 J - a potion of mutation {unknown}
 K - a potion of berserk rage {unknown}
 L - 2 potions of brilliance
 M - 3 potions of agility
 N - 2 potions of might
Books
 b - a book of Flames

   Spells                             Type                      Level
   a - Flame Tongue                   Conjuration/Fire             1
   b - Throw Flame                    Conjuration/Fire             2
   c - Conjure Flame                  Conjuration/Fire             3
   d - Inner Flame                    Hexes/Fire                   3
   e - Sticky Flame                   Conjuration/Fire             4
   f - Fireball                       Conjuration/Fire             5
 q - a book of Minor Magic

   Spells                             Type                      Level
   a - Magic Dart                     Conjuration                  1
   b - Blink                          Translocation                2
   c - Call Imp                       Summoning                    2
   d - Slow                           Hexes                        2
   e - Conjure Flame                  Conjuration/Fire             3
   f - Mephitic Cloud                 Conjuration/Poison/Air       3
Comestibles
 c - 9 bread rations
 i - 14 chunks of flesh
 w - 4 meat rations


   Skills:
 + Level 6.3 Fighting
 + Level 4.7 Dodging
 - Level 1.5 Stealth
 - Level 3.0 Spellcasting
 * Level 8.6 Conjurations
 * Level 9.6 Fire Magic


You had 2 spell levels left.
You knew the following spells:

 Your Spells              Type           Power        Failure   Level  Hunger
a - Flame Tongue          Conj/Fire      #####        1%          1    None
b - Throw Flame           Conj/Fire      #####.       1%          2    ##.....
c - Conjure Flame         Conj/Fire      #####...     1%          3    ###....
d - Magic Dart            Conj           ####         1%          1    None
e - Blink                 Tloc           N/A          30%         2    ##.....
f - Sticky Flame          Conj/Fire      #####...     4%          4    ####...


Dungeon Overview and Level Annotations

Branches:
Dungeon (8/15)             Temple (1/1) D:7
   Lair: D:8-11

Altars:
Ashenzari
Cheibriados
Dithmenos
Elyvilon
Fedhas
Gozag
Hepliaklqana
Kikubaaqudgha
Makhleb
Nemelex Xobeh
Okawaru
Qazlal
Ru
Sif Muna
Trog
Uskayaw
Vehumet
Wu Jian
Xom
Yredelemnul
The Shining One

Shops:
D:4 %


Message History

You see here a giant club.
Things that are here:
a yak skeleton; a hound skeleton Cast which spell? (? or * to list)
You miscast Blink.
You are very lightly contaminated with residual magic.
You catch a glimpse of the back of your own head.
The fire crab barely misses you. The fire crab claws you!
* * * LOW HITPOINT WARNING * * *
You are engulfed in flames!
* * * LOW HITPOINT WARNING * * *
Unknown command.
Casting: Blink
Confirm with . or Enter, or press ? or * to list all spells.
You blink.
The fire crab changes into a wind drake!
The wind drake begins deflecting missiles!
The wind drake flaps its wings at you. The air twists around and strikes you!
You die...

. #...#...#########.###
#..
...............[.....#
#..
.....#.#..............#
##.
..##.#.#####.#####....#
#. .. #. #.# #...## ##
# #.#####...# #
#.....#...#
#######<#...#
.......@....#
#######.#.#.# #....
##....#.#
##.#..######.......#
...................# ##
....####.[#.......#
.##...##..#k.......#.#
..##.##...#.S###.#.#.#
...#.#...##.#.##.#..##


You could see a wind drake shaped shifter and an adder.

Vanquished Creatures
  Joseph (D:7)
  A hippogriff (D:8)
  A spriggan (D:7)
  3 yaks (D:8)
  2 sky beasts
  A black bear (D:6)
  2 ice beasts (D:8)
  4 ogres
  A centaur (D:4)
  5 bullfrogs
  A scorpion (D:4)
  5 killer bees (D:7)
  4 wights (D:7)
  2 howler monkeys (D:7)
  A centaur zombie (D:5)
  A crimson imp (D:6)
  2 hounds
  6 orc priests
  8 orc wizards
  A jelly (D:6)
  Crazy Yiuf (D:2)
  A bullfrog skeleton (D:5)
  2 iguanas
  Ijyb (D:4)
  Natasha (thrice) (D:4)
  8 worker ants
  A hound skeleton (D:4)
  A worker ant zombie (D:8)
  9 adders
  5 river rats (Sewer)
  2 shadow imps
  An ooze (D:1)
  2 adder skeletons
  An adder zombie (D:5)
  3 worms
  13 dart slugs
  5 leopard geckos
  37 orcs
  12 bats
  5 giant cockroaches
  8 goblins
  11 hobgoblins
  10 jackals
  6 quokkas
  11 ball pythons
  A ball python skeleton (D:4)
  6 frilled lizards
  A jackal skeleton (D:4)
  24 kobolds
  A quokka skeleton (D:4)
  A quokka zombie (D:6)
  36 rats
281 creatures vanquished.

Notes
Turn   | Place    | Note
-------+----------+-------------------------------------------
     0 | D:1      | tilp the Hill Orc Fire Elementalist began the quest for the Orb.
     0 | D:1      | Reached XP level 1. HP: 14/14 MP: 3/3
   160 | D:1      | Reached XP level 2. HP: 16/20 MP: 0/5
   200 | D:1      | Learned a level 2 spell: Throw Flame
   648 | D:1      | Reached XP level 3. HP: 17/26 MP: 6/6
   656 | D:1      | Learned a level 3 spell: Conjure Flame
  1537 | D:1      | Reached XP level 4. HP: 32/33 MP: 7/7
  1976 | D:2      | Reached skill level 4 in Fire Magic
  2059 | D:2      | Found a runed door.
  2287 | D:2      | Found a snail-covered altar of Cheibriados.
  2310 | D:2      | Learned a level 1 spell: Magic Dart
  3043 | D:3      | Reached XP level 5. HP: 38/38 MP: 5/8
  3681 | D:3      | Found a shimmering altar of Xom.
  4091 | D:4      | Noticed an ogre
  4103 | D:4      | Killed an ogre
  4103 | D:4      | Reached skill level 1 in Fighting
  4103 | D:4      | Reached XP level 6. HP: 47/47 MP: 6/9
  4107 | D:4      | Learned a level 2 spell: Blink
  4294 | D:4      | Reached skill level 5 in Fire Magic
  4493 | D:4      | Noticed Ijyb
  4508 | D:4      | Paralysed by Ijyb for 7 turns
  4519 | D:4      | Paralysed by Ijyb for 4 turns
  4529 | D:4      | Killed Ijyb
  4568 | D:4      | Reached XP level 7. HP: 23/53 MP: 10/10
  4838 | D:4      | Noticed Natasha
  4855 | D:4      | Killed Natasha
  4984 | D:4      | Noticed Natasha
  5097 | D:4      | Killed Natasha
  5168 | D:4      | Reached skill level 5 in Conjurations
  5341 | D:4      | Noticed Natasha
  5347 | D:4      | Killed Natasha
  5393 | D:4      | Reached skill level 6 in Fire Magic
  5393 | D:4      | Reached XP level 8. HP: 45/62 MP: 12/12
  5721 | D:4      | Found Boxaf's Food Emporium.
  5859 | D:5      | Entered Level 5 of the Dungeon
  5958 | D:5      | Found a glowing drain.
  5989 | Sewer    | Entered a sewer
  6998 | D:5      | Found an ornate altar of the Wu Jian Council.
  7504 | D:5      | Learned a level 4 spell: Sticky Flame
  7857 | D:6      | Found an iron altar of Okawaru.
  7861 | D:6      | Found a shadowy altar of Dithmenos.
  7867 | D:6      | Became a worshipper of Warmaster Okawaru
  8048 | D:6      | Found a basalt altar of Yredelemnul.
  8170 | D:6      | Found a white marble altar of Elyvilon.
  8187 | D:6      | Reached skill level 7 in Fire Magic
  9016 | D:2      | Noticed Crazy Yiuf
  9026 | D:2      | Killed Crazy Yiuf
  9026 | D:2      | Reached XP level 9. HP: 67/72 MP: 12/13
  9259 | D:7      | Noticed Joseph
  9275 | D:7      | Killed Joseph
  9410 | D:7      | Found a shattered altar of Ashenzari.
  9433 | D:7      | Reached skill level 5 in Fighting
  9492 | D:7      | Reached skill level 8 in Fire Magic
  9574 | D:7      | Reached * piety under Okawaru
 10087 | D:7      | Found a staircase to the Ecumenical Temple.
 10413 | Temple   | Entered the Ecumenical Temple
 10712 | D:7      | Found a glowing golden altar of the Shining One.
 10875 | D:8      | Noticed a moth of wrath
 10878 | D:8      | Found a bloodstained altar of Trog.
 11418 | D:8      | Found a radiant altar of Vehumet.
 11435 | D:8      | Reached skill level 9 in Fire Magic
 11435 | D:8      | Reached XP level 10. HP: 83/83 MP: 14/14
 11807 | D:8      | Reached ** piety under Okawaru
 11866 | D:8      | Noticed a fire crab
 11891 | D:8      | a fire crab changed into a wind drake
 11896 | D:8      | Killed from afar by a wind drake (shapeshifter)

Vault maps used:
D:1:      sevenhm_arrival_forest_fort_large_3, roderic_roman_lattice,
          hangedman_decor_clover_reticule, minmay_fountain_box
D:2:      marbit_many_paths, first_bread, uniq_crazy_yiuf_cottage
D:3:      kennysheep_slugbush, old_standard_altar
D:4:      serial_shops, shop_coins, uniq_ijyb, uniq_natasha
D:5:      overflow_temple_1_default, cheibrodos_sewer_entry_drain,
          minmay_tree_intersection
D:6:      elyvilon_altar_4, old_standard_altar, grunt_temple_overflow_open,
          minivault_26
D:7:      kennysheep_mini, nicolae_tso_swordbearing_angel,
          minmay_temple_entry_fiery, the_bakery, uniq_joseph
D:8:      cheibrodos_barr_body, vehumet_crystals, tgw_trog,
          okawaru_altar_gauntlet_db
Temple:   jpeg_temple_alley_garden
Sewer:    sewer_minmay_treatment

Skill      XL: |  1  2  3  4  5  6  7  8  9 10 |
---------------+-------------------------------+-----
Spellcasting   | 2 3 |  3.0
Conjurations   | 2 3 4 5 6 8 |  8.6
Fire Magic     | 4 5 6 7 9 |  9.6
Fighting       | 1 2 4 5 6 |  6.3
Dodging        | 2 3 4 |  4.7
Stealth        | |  1.5

Action                   |  1- 3 |  4- 6 |  7- 9 | 10-12 || total
-------------------------+-------+-------+-------+-------++-------
Melee: Short sword       |    77 |   176 |   415 |    59 ||   727
       Hand axe          |       |    36 |       |       ||    36
 Cast: Flame Tongue      |    38 |   103 |   212 |    14 ||   367
       Throw Flame       |     2 |     2 |     4 |       ||     8
       Conjure Flame     |       |     6 |    16 |     2 ||    24
       Magic Dart        |       |     1 |     4 |       ||     5
       Sticky Flame      |       |       |     4 |     2 ||     6
       Blink             |       |       |     1 |     1 ||     2
  Use: Scroll            |       |     6 |    10 |     7 ||    23
 Stab: Sleeping          |     1 |     3 |     3 |       ||     7
  Eat: Chunk             |     3 |    12 |    15 |     1 ||    31
       Fruit             |       |       |     4 |       ||     4
       Royal jelly       |       |       |     1 |       ||     1
       Meat ration       |       |       |     1 |       ||     1
Armor: Robe              |    20 |    30 |       |       ||    50
       Leather armour    |       |    21 |   106 |    11 ||   138
Dodge: Dodged            |    59 |   133 |   226 |    28 ||   446
